 Dungeon Crawl Stone Soup version 0.17.0-28-g6e173f8 (webtiles) character file.

13640 gorblad the Spear-Bearer (level 12, -12/114 HPs)
             Began as a Naga Berserker on Dec 4, 2015.
             Was a High Priest of Trog.
             Mangled by a wolf spider (18 damage)
             ... on level 1 of the Spider Nest.
             The game lasted 00:29:29 (11219 turns).

gorblad the Spear-Bearer (Naga Berserker)          Turns: 11219, Time: 00:29:29

Health: -12/114    AC: 15    Str: 24    XL:     12   Next: 8%
Magic:  4/4        EV: 18    Int:  8    God:    Trog [*****.]
Gold:   693        SH:  0    Dex: 15    Spells: 0 memorised, 11 levels left

rFire  . . .     SeeInvis +     P - +2 glaive (antimagic)
rCold  . . .     Clarity  .     h - +3 ring mail {rPois}
rNeg   . . .     SustAt   .     (shield currently unavailable)
rPois  +         Gourm    .     A - +2 helmet
rElec  .         Spirit   .     v - +0 cloak
rCorr  .         Warding  .     (no gloves)
rMut   .         Stasis   .     (no barding)
MR     +....                    p - amulet of regeneration
Stlth  ++++......               M - +4 ring of evasion
                                x - +4 ring of dexterity

@: exhausted, slowed, very slow, somewhat resistant to hostile enchantments,
stealthy
A: see invisible, deformed body, poison resistance, slowness 2, slow metabolism
1, spit poison 2, AC +4
a: Spit Poison, Berserk, Trog's Hand, Brothers in Arms, Burn Spellbooks,
Renounce Religion


You were on level 1 of the Spider Nest.
You worshipped Trog.
Trog was extremely pleased with you.
You were not hungry.

You visited 3 branches of the dungeon, and saw 12 of its levels.

You collected 693 gold pieces.

Inventory:

Hand Weapons
 a - a +0 spear
 l - a +1 scythe
 P - a +2 antimagic glaive (weapon)
Missiles
 i - 4 javelins (quivered)
Armour
 b - a +0 animal skin
 h - a +3 ring mail of poison resistance (worn)
 v - a +0 cloak (worn)
 A - a +2 helmet (worn)
Jewellery
 p - an amulet of regeneration (around neck)
 q - an uncursed ring of invisibility
 x - a +4 ring of dexterity (left hand)
 G - an uncursed ring of see invisible
 M - a +4 ring of evasion (right hand)
 N - an uncursed ring of see invisible
Wands
 r - a wand of confusion (19)
 s - a wand of cold (5)
 y - a wand of fireball (10)
 C - a wand of draining (10)
 D - a wand of fire (5)
 E - a wand of disintegration (9)
Scrolls
 u - 3 scrolls of remove curse
 w - 3 scrolls of teleportation
 F - a scroll of fog
 H - a scroll of enchant weapon
 I - a scroll of recharging
 O - 2 scrolls of magic mapping
 Q - 2 scrolls of identify
Potions
 d - 2 potions of cancellation
 e - 3 potions of might {unknown}
 f - a potion of agility {unknown}
 g - 3 potions of curing
 j - 2 potions of ambrosia {unknown}
 m - 3 potions of brilliance {unknown}
 n - a potion of poison {unknown}
 o - a potion of haste {unknown}
 z - 2 potions of flight {unknown}
 B - a potion of lignification {unknown}
 J - a potion of resistance {unknown}
 L - 2 potions of degeneration {unknown}
Comestibles
 c - 3 bread rations
 k - 4 meat rations
 t - 2 beef jerkies
 K - 9 fruits
 S - a slice of pizza


   Skills:
 + Level 9.0 Fighting
 + Level 10.1 Polearms
 + Level 1.2 Throwing
 + Level 7.2 Armour
 + Level 9.1 Dodging
 + Level 7.7 Stealth


You had 11 spell levels left.
You didn't know any spells.

Dungeon Overview and Level Annotations

Branches:
Dungeon (8/15)             Temple (0/1) D:6            Lair (3/8) D:8
 Spider (1/4) Lair:3
  Swamp: Lair:3-6    Shoals: Lair:3-6

Altars:
Ashenzari
Elyvilon
Fedhas
Kikubaaqudgha
Nemelex Xobeh
Okawaru
Sif Muna
Vehumet
Xom
Yredelemnul
Zin
The Shining One

Annotations:
Spider:1 Frances


Innate Abilities, Weirdness & Mutations

You cannot wear boots.
Your serpentine skin is tough (AC +4).
You have supernaturally acute eyesight.
Armour fits poorly on your strangely shaped body.
Your system is resistant to poisons.
You cover ground very slowly.
You have a slow metabolism.
You can spit poison.


Message History

The wolf spider hits you but does no damage.
The wolf spider bites you but does no damage.
Drink which item? (? for menu, Esc to quit)
You feel better. The wolf spider completely misses you.
The wolf spider barely misses you. The wolf spider hits you!
* * * LOW HITPOINT WARNING * * *
The wolf spider misses you.
Read which item? (? for menu, Esc to quit)
Okay, then.
Drink which item? (? for menu, Esc to quit)
You feel better. The wolf spider closely misses you. The wolf spider bites you.
* * * LOW HITPOINT WARNING * * *
The wolf spider hits you!
* * * LOW HITPOINT WARNING * * *
The wolf spider closely misses you.
You're too exhausted to go berserk.
Your ogre goes berserk!
You feel somewhat more hungry.
The jumping spider leaps!
The wolf spider hits you!!
You die...

....#....#.. ...#
.... ...=.##....
###...###.....#
#...#..≈^.....#
#.....##ss<..#.
#..#ss.ss....#
#.ss.sss...#
#s§s####.....
.....#@#@s...#...#
....
###.....#..... ###
..O...# ....
...#.### ....
..#.≈## #.##.# ##
... ..#


You could see 2 wolf spiders, 2 trapdoor spiders, 2 jumping spiders, a redback
and a friendly ogre (berserk).

Vanquished Creatures
  Pikel (D:7)
  2 wolf spiders (Lair:3)
  4 spiny frogs
  Joseph (D:7)
  A black mamba (Lair:1)
  A komodo dragon (Lair:1)
  Prince Ribbit (D:7)
  A jumping spider (Lair:3)
  Sigmund (D:3)
  A deep elf fighter (D:8)
  A basilisk (Lair:1)
  A wyvern (Lair:2)
  15 yaks
  5 porcupines
  5 hippogriffs
  12 wolves
  3 water moccasins
  A soldier ant (D:8)
  2 ogres (D:5)
  An orc warrior (D:7)
  An ice beast (D:5)
  A spider (Lair:3)
  A centaur (D:5)
  A sky beast (D:7)
  A phantom (D:8)
  5 crocodiles
  A big kobold (D:7)
  9 giant frogs
  A gnoll sergeant (D:6)
  A scorpion (D:5)
  5 wights (D:7)
  6 killer bees (D:8)
  10 crimson imps
  An electric eel (D:6)
  5 hounds
  6 orc wizards (D:5)
  A centaur skeleton (D:6)
  Crazy Yiuf (D:2)
  2 quasits
  Ijyb (D:3)
  A jelly (D:6)
  3 orc priests
  A giant frog skeleton (D:8)
  10 worker ants
  7 iguanas
  10 gnolls
  15 river rats
  10 adders
  3 oozes
  6 worms
  7 giant geckos
  18 orcs
  9 giant cockroaches
  12 goblins
  8 hobgoblins
  11 jackals
  8 kobolds
  7 quokkas
  A ball python skeleton (D:4)
  27 bats
  A giant gecko skeleton (D:8)
  4 giant newts
  2 quokka skeletons (D:4)
  14 rats
  A butterfly (D:6)
  9 plants
325 creatures vanquished.

Vanquished Creatures (others)
  A giant frog skeleton (D:7)
  A hound (D:7)
  2 quokkas (D:7)
  2 fungi (Lair:2)
  4 plants
10 creatures vanquished.

Grand Total: 335 creatures vanquished

Notes
Turn   | Place    | Note
--------------------------------------------------------------
     0 | D:1      | gorblad the Naga Berserker began the quest for the Orb.
     0 | D:1      | Reached XP level 1. HP: 21/21 MP: 1/1
    79 | D:1      | Reached XP level 2. HP: 26/28 MP: 2/2
   556 | D:1      | Reached XP level 3. HP: 15/34 MP: 3/3
   980 | D:2      | Reached ** piety under Trog
  1108 | D:2      | Noticed Crazy Yiuf
  1123 | D:2      | Killed Crazy Yiuf
  1123 | D:2      | Reached XP level 4. HP: 30/43 MP: 4/4
  1355 | D:2      | Found an iron altar of Okawaru.
  1799 | D:2      | Reached XP level 5. HP: 37/50 MP: 5/5
  1941 | D:3      | Noticed Sigmund
  1962 | D:3      | Killed Sigmund
  1962 | D:3      | Reached skill level 4 in Fighting
  1962 | D:3      | Reached skill level 1 in Throwing
  1962 | D:3      | Reached skill level 1 in Stealth
  1962 | D:3      | Reached XP level 6. HP: 56/57 MP: 6/6
  2002 | D:3      | Reached *** piety under Trog
  2122 | D:3      | Noticed Ijyb
  2131 | D:3      | Killed Ijyb
  2933 | D:4      | Found a shimmering altar of Xom.
  2960 | D:4      | Reached XP level 7. HP: 64/64 MP: 7/7
  2977 | D:4      | Reached **** piety under Trog
  3573 | D:5      | Entered Level 5 of the Dungeon
  3745 | D:5      | Reached XP level 8. HP: 55/73 MP: 8/8
  3829 | D:5      | Reached skill level 5 in Polearms
  4000 | D:5      | Reached skill level 5 in Fighting
  4283 | D:5      | Found a deep blue altar of Sif Muna.
  4486 | D:5      | Found a glowing golden altar of the Shining One.
  4592 | D:5      | Reached skill level 5 in Dodging
  4695 | D:5      | Found a basalt altar of Yredelemnul.
  5254 | D:6      | Reached XP level 9. HP: 79/82 MP: 9/9
  5418 | D:6      | Reached skill level 6 in Polearms
  5538 | D:6      | Found a shattered altar of Ashenzari.
  5540 | D:6      | Found a radiant altar of Vehumet.
  5543 | D:6      | Found a glowing silver altar of Zin.
  5703 | D:6      | Found a staircase to the Ecumenical Temple.
  6176 | D:7      | Noticed Pikel
  6186 | D:7      | Killed Pikel
  6186 | D:7      | Reached skill level 5 in Armour
  6369 | D:7      | Noticed Prince Ribbit
  6388 | D:7      | Killed Prince Ribbit
  6613 | D:7      | Noticed Joseph
  6638 | D:7      | Killed Joseph
  6638 | D:7      | Reached ***** piety under Trog
  6638 | D:7      | Reached skill level 7 in Polearms
  6638 | D:7      | Reached XP level 10. HP: 49/92 MP: 10/10
  6741 | D:7      | Found a blossoming altar of Fedhas.
  6741 | D:7      | Found an ancient bone altar of Kikubaaqudgha.
  6831 | D:7      | Found a sparkling altar of Nemelex Xobeh.
  6854 | D:7      | Reached skill level 5 in Stealth
  7111 | D:7      | Found a white marble altar of Elyvilon.
  7637 | D:8      | Found a runed door.
  7714 | D:8      | Received a gift from Trog
  7855 | D:8      | Found a staircase to the Lair.
  8313 | D:8      | Found a runed door.
  8598 | Lair:1   | Entered Level 1 of the Lair of Beasts
  8715 | Lair:1   | Reached skill level 8 in Polearms
  8821 | Lair:1   | Noticed a black mamba
  8827 | Lair:1   | Killed a black mamba
  8827 | Lair:1   | Reached XP level 11. HP: 47/103 MP: 11/11
  9204 | Lair:1   | Reached skill level 9 in Polearms
  9964 | Lair:2   | Received a gift from Trog
 11068 | Lair:3   | Found a hole to the Spider Nest.
 11084 | Lair:3   | Reached skill level 10 in Polearms
 11084 | Lair:3   | Reached XP level 12. HP: 112/112 MP: 4/12
 11203 | Spider:1 | Entered Level 1 of the Spider Nest
 11213 | Spider:1 | Noticed Frances
 11217 | Spider:1 | HP: 5/114 [wolf spider (15)]
 11219 | Spider:1 | Mangled by a wolf spider

Action                   |  1- 3 |  4- 6 |  7- 9 | 10-12 || total
-------------------------+-------+-------+-------+-------++-------
Melee: Spear             |   132 |   120 |       |       ||   252
       Scythe            |       |   131 |   481 |   495 ||  1107
       Glaive            |       |       |       |   131 ||   131
Throw: Javelin           |     8 |    13 |       |       ||    21
Invok: Berserk           |     1 |     3 |     4 |    10 ||    18
       Burn Spellbooks   |       |       |     2 |     1 ||     3
       Brothers in Arms  |       |       |       |     1 ||     1
  Use: Potion            |     4 |       |     3 |     2 ||     9
       Scroll            |     1 |     7 |     7 |     6 ||    21
 Stab: Sleeping          |       |     1 |     7 |    18 ||    26
       Distracted        |       |       |     1 |     2 ||     3
  Eat: Chunk             |       |    10 |     8 |    19 ||    37
       Bread ration      |       |       |     2 |     2 ||     4
       Beef jerky        |       |       |     1 |       ||     1
       Royal jelly       |       |       |       |     1 ||     1
